 Dungeon Crawl Stone Soup version 0.13.1-2-gfb2c2b7 (webtiles) character file.

983 Kae the Ruinous (level 7, 0/36 HPs)
             Began as a Tengu Fire Elementalist on Dec 2, 2013.
             Shot with an arrow by a crimson imp (5 damage)
             ... on Level 5 of the Dungeon.
             The game lasted 00:08:51 (4196 turns).

Kae the Ruinous (Tengu Fire Elementalist)           Turns: 4196, Time: 00:08:52

HP   0/36        AC  2     Str  9      XL: 7   Next: 68%
MP  12/16        EV 12     Int 17      God:
Gold 271         SH  0     Dex 14      Spells:  3 memorised,  6 levels left

Res.Fire  : . . .   See Invis. : .   k - +0 dagger
Res.Cold  : . . .   Warding    : .   a - +0 robe
Life Prot.: . . .   Conserve   : .   (no shield)
Res.Poison: .       Res.Corr.  : .   (helmet restricted)
Res.Elec. : .       Clarity    : .   (no cloak)
Sust.Abil.: . .     Spirit.Shd : .   (no gloves)
Res.Mut.  : .       Stasis     : .   (boots unavailable)
Res.Rott. : .       Flight     : .   (no amulet)
Saprovore : . . .                    (no ring)
                                     (no ring)

@: slightly resistant to hostile enchantments, fairly stealthy
A: able to fly, beak, talons 3
a: Fly


You were on level 5 of the Dungeon.
You were not hungry.

You visited 2 branches of the dungeon, and saw 6 of its levels.
You also visited: Sewer.

You collected 251 gold pieces.

Inventory:

Hand weapons
 k - a +0,+0 dagger (weapon)
Missiles
 e - 70 darts (quivered)
Armour
 a - a +0 robe (worn)
Magical devices
 H - a wand of magic darts (3)
Comestibles
 c - 3 bread rations
 d - an apple
 n - a meat ration
 q - a cheese
 x - 7 sultanas
 E - a lemon
 G - a rotting chunk of gnoll flesh
Scrolls
 f - 5 scrolls of fear {unknown}
 g - 2 scrolls of curse weapon {unknown}
 h - 3 scrolls of enchant weapon II {unknown}
 i - 4 scrolls of fog {unknown}
 j - 4 scrolls of identify {unknown}
 o - 2 scrolls of enchant armour {unknown}
 p - a scroll of curse jewellery {unknown}
 r - 4 scrolls of remove curse {unknown}
 s - 2 scrolls of magic mapping {unknown}
 u - a scroll of teleportation {unknown}
 v - 4 scrolls of amnesia {unknown}
 y - 4 scrolls of curse armour {unknown}
 B - 3 scrolls of recharging {unknown}
 I - a scroll of random uselessness {unknown}
Jewellery
 m - a cursed ring of hunger {unknown}
 F - a cursed ring of hunger {unknown}
Potions
 l - a potion of invisibility {unknown}
 t - 4 potions of heal wounds {unknown}
 w - a potion of restore abilities {unknown}
 z - a potion of degeneration {unknown}
 A - 3 potions of curing {unknown}
 C - a potion of beneficial mutation {unknown}
 D - 2 potions of flight
Books
 b - a book of Flames

   Spells                             Type                      Level
   *Flame Tongue                      Conjuration/Fire             1
   *Throw Flame                       Conjuration/Fire             2
   *Conjure Flame                     Conjuration/Fire             3
   Inner Flame                        Hexes/Fire                   3
   Sticky Flame                       Conjuration/Fire             4
   Fireball                           Conjuration/Fire             5


   Skills:
 - Level 2.1 Dodging
 - Level 2.0 Stealth
 + Level 3.3 Spellcasting
 * Level 7.0 Conjurations
 * Level 6.3 Fire Magic


You had 6 spell levels left.
You knew the following spells:

 Your Spells              Type           Power        Failure   Level  Hunger
a - Flame Tongue          Conj/Fire      ####.        1%          1    None
b - Throw Flame           Conj/Fire      ####..       1%          2    ##.....
c - Conjure Flame         Conj/Fire      ####....     3%          3    ###....


Dungeon Overview and Level Annotations

Branches:
Dungeon (5/27)             Temple (1/1) D:5

Altars:
Ashenzari
Elyvilon
Fedhas
Kikubaaqudgha
Makhleb
Okawaru
Sif Muna
Trog
Xom
Yredelemnul
Zin
the Shining One


Innate Abilities, Weirdness & Mutations

You can fly.
You have a beak for a mouth.
You have claws for feet.


Message History

* * * LOW HITPOINT WARNING * * *
Evoke which item? (* to show all) (? for menu, Esc to quit)
Zapping:
H - a wand of magic darts {zapped: 10}
Press: ? - help, Shift-Dir - straight line, f/p - crimson imp
Aim: a crimson imp, wielding a bow (severely wounded)
The magic dart hits the crimson imp.
The crimson imp is severely wounded.
The crimson imp shoots an arrow.
The arrow hits you!
* * * LOW HITPOINT WARNING * * *
Evoke which item? (* to show all) (? for menu, Esc to quit)
Zapping:
H - a wand of magic darts {zapped: 11}
Press: ? - help, Shift-Dir - straight line, f/p - crimson imp
Aim: a crimson imp, wielding a bow (severely wounded)
The magic dart hits the crimson imp.
The crimson imp is almost dead.
The crimson imp blinks!
You see here 4 arrows.
You start resting.
The crimson imp shoots an arrow.
The arrow hits you!
You die...

### #.###'##♣ .....#
######.###≈≈♣# ......#
#.......#≈♣♣≈♣ .......#
#.......#≈♣#♣≈
........#####.......#♣#♣≈≈
........##..'.....<.##♣≈♣≈
........##.##........#≈♣#♣
.........#..##........%≈♣♣#
.........#@###........##≈≈♣
......5..%.# #........# ###
........### #........#
........# #........#
##+###### #####'#### #.#
#.### #...# ######.###


You could see a crimson imp.

Vanquished Creatures
  A centaur (D:5)
  An ogre (D:4)
  A big kobold (Sewer)
  A hound (D:4)
  A big fish (Sewer)
  A jelly (D:5)
  3 orc wizards (D:4)
  A scorpion (D:4)
  A worker ant (D:4)
  An ogre zombie (D:5)
  4 gnolls (D:4)
  5 adders
  A green rat (D:3)
  A giant mite (D:3)
  2 worms (D:3)
  A giant eyeball (D:4)
  A giant gecko (D:2)
  7 orcs (D:4)
  5 ball pythons
  12 bats
  6 grey rats
  7 hobgoblins
  9 jackals
  A quokka (D:2)
  A giant gecko skeleton (D:4)
  4 giant newts
  13 goblins
  12 kobolds
  9 rats
113 creatures vanquished.

Notes
Turn   | Place    | Note
--------------------------------------------------------------
     0 | D:1      | Kae, the Tengu Fire Elementalist, began the quest for the Orb.
     0 | D:1      | Reached XP level 1. HP: 10/10 MP: 3/3
    73 | D:1      | Reached XP level 2. HP: 15/15 MP: 0/5
   802 | D:2      | Reached XP level 3. HP: 19/19 MP: 4/7
  1517 | D:3      | Reached XP level 4. HP: 13/24 MP: 0/8
  1565 | D:3      | Reached skill level 4 in Fire Magic
  2001 | D:3      | Found a glowing drain.
  2005 | D:3      | Reached XP level 5. HP: 26/28 MP: 7/11
  2021 | Sewer    | Entered a sewer
  2151 | Sewer    | Reached skill level 5 in Conjurations
  2151 | Sewer    | Reached XP level 6. HP: 11/32 MP: 7/13
  2610 | Sewer    | Reached skill level 5 in Fire Magic
  2761 | Sewer    | Found a white marble altar of Elyvilon.
  3048 | D:4      | Learned a level 2 spell: Throw Flame
  3052 | D:4      | Learned a level 3 spell: Conjure Flame
  3063 | D:4      | Paralysed by a giant eyeball for 2 turns
  3069 | D:4      | Paralysed by a giant eyeball for 2 turns
  3376 | D:4      | Reached skill level 6 in Conjurations
  3379 | D:4      | Reached XP level 7. HP: 9/36 MP: 4/15
  3911 | D:5      | Entered Level 5 of the Dungeon
  3950 | D:5      | Found a staircase to the Ecumenical Temple.
  3974 | Temple   | Entered the Ecumenical Temple
  4166 | D:5      | Reached skill level 7 in Conjurations
  4196 | D:5      | Shot with an arrow by a crimson imp

Action                   |  1- 3 |  4- 6 |  7- 9 || total
-------------------------+-------+-------+-------++-------
Melee: Unarmed           |    14 |       |       ||    14
       Dagger            |    30 |    32 |     1 ||    63
 Cast: Flame Tongue      |    48 |    90 |    65 ||   203
       Conjure Flame     |       |     1 |       ||     1
Evoke: Wand              |       |       |    11 ||    11
 Stab: Sleeping          |       |     2 |       ||     2
